 Dungeon Crawl Stone Soup version 0.25.1-1-g288607f5aa (webtiles) character file.

Game seed: 8639057414677109463

145 Goreval the Chiller (level 5, -4/38 HPs)
             Began as a Barachi Ice Elementalist on July 25, 2020.
             Slain by Grinder (7 damage)
             ... on level 3 of the Dungeon.
             The game lasted 00:08:11 (2126 turns).

Goreval the Chiller (Barachi Ice Elementalist)      Turns: 2126, Time: 00:08:12

Health: -4/38      AC:  3    Str:  9 (10) XL:     5   Next: 27%
Magic:  0/8        EV: 13    Int: 13 (16) God:
Gold:   66         SH:  0    Dex:  9 (12) Spells: 0/8 levels left

rFire    . . .     SeeInvis .   h - +0 dagger
rCold    . . .     Gourm    .   (no shield)
rNeg     . . .     Faith    .   a - +0 robe
rPois    .         Spirit   .   j - +0 helmet
rElec    .         Reflect  .   k - scarf {repulsion}
rCorr    .         Harm     .   (no gloves)
MR       .....                  (no boots)
Stlth    ++........             (no amulet)
HPRegen  0.12/turn              (no ring)
MPRegen  0.11/turn              (no ring)

@: flying, repel missiles, slow
A: +LOS, swims, slowness 1, strong legs 1
a: Hop


You were on level 3 of the Dungeon.
You were not hungry.

You visited 1 branch of the dungeon, and saw 3 of its levels.

You collected 66 gold pieces.

Inventory:

Hand Weapons
 h - a +0 dagger (weapon)
Missiles
 g - 30 stones (quivered)
Armour
 a - a +0 robe (worn)
 j - a +0 helmet (worn)
 k - a scarf of repulsion (worn)
 m - a +0 tower shield
 r - a scarf of resistance
Jewellery
 i - an uncursed ring of fire {unknown}
 n - an uncursed ring of stealth {unknown}
Scrolls
 b - a scroll of teleportation {unknown}
 e - 3 scrolls of identify {unknown}
 l - a scroll of remove curse {unknown}
Potions
 d - a potion of might {unknown}
 o - a potion of heal wounds {unknown}
 q - 3 potions of flight
Comestibles
 c - 2 rations
 f - 7 chunks of flesh


   Skills:
 + Level 2.2 Fighting
 * Level 4.0 Dodging
 - Level 2.0 Stealth
 + Level 2.1 Spellcasting
 + Level 0.0 Summonings
 * Level 6.1 Ice Magic


You couldn't memorise any spells.
You knew the following spells:

 Your Spells              Type           Power        Failure   Level  Hunger
a - Freeze                Ice            ###.         1%          1    ##.....
b - Frozen Ramparts       Ice            ###...       6%          3    ####...
c - Summon Ice Beast      Ice/Summ       #.......     56%         4    #####..

Your spell library contained the following spells:

 Spells                   Type           Power        Failure   Level  Hunger
 Ozocubu's Armour         Chrm/Ice       #.......     22%         3    ####...
 Hailstorm                Conj/Ice       #.......     56%         4    #####..


Dungeon Overview and Level Annotations

Branches:
Dungeon (3/15)

Altars:
Hepliaklqana
Trog
Xom

Annotations:
D:3 Grinder


Innate Abilities, Weirdness & Mutations

You can be seen from farther away. (+LOS)
You can swim through water.
You cover ground slowly.
You can hop short distances.


Message History

Grinder gestures at you. Pain shoots through your body!
* * * LOW HITPOINT WARNING * * *
It was a potion of flight.
You feel very buoyant.
You fly up into the air.
Grinder hits you.
* * * LOW HITPOINT WARNING * * *
You writhe in agony.
* * * LOW HITPOINT WARNING * * *
It was a potion of degeneration.
There was something very wrong with that liquid.
You feel weakened.
You feel dopey.
You feel clumsy. Grinder closely misses you.
Okay, then.
Okay, then.
As you read the scroll labeled KOEBIT MUGG, it crumbles to dust.
The scroll dissolves into smoke.
It was a scroll of fog.
Grinder hits you!
You die...

.......###....._...[..#
........##.#.......#.)#
.....>..'..#.......#..#
........##.##.....##..#
.......###.####.####..#
####..## #............#
#### #######§§....#
#§###### #@# #5# ####
#§# #.§.# #.#
#..########.#
#..........#
#..########## ....#
#.###


You could see Grinder.

Vanquished Creatures
  A howler monkey (D:3)
  A worker ant (D:3)
  2 adders (D:2)
  A worm (D:2)
  A dart slug (D:1)
  3 leopard geckos (D:1)
  9 bats
  3 giant cockroaches
  6 goblins
  8 hobgoblins
  4 jackals (D:2)
  A quokka (D:2)
  3 ball pythons (D:2)
  2 frilled lizards (D:1)
  5 kobolds
  7 rats
57 creatures vanquished.

Notes
Turn   | Place    | Note
-------+----------+-------------------------------------------
     0 | D:1      | Goreval the Barachi Ice Elementalist began the quest for
                  | the Orb.
     0 | D:1      | Reached XP level 1. HP: 13/13 MP: 3/3
    95 | D:1      | Reached skill level 5 in Ice Magic
   287 | D:1      | Reached XP level 2. HP: 19/20 MP: 0/5
   634 | D:1      | Reached skill level 1 in Fighting
   727 | D:1      | Reached XP level 3. HP: 26/26 MP: 2/6
  1079 | D:2      | Learned a level 3 spell: Frozen Ramparts
  1386 | D:2      | Reached XP level 4. HP: 32/32 MP: 4/7
  1673 | D:2      | Found a bloodstained altar of Trog.
  1895 | D:3      | Found a hazy altar of Hepliaklqana.
  2040 | D:3      | Found a shimmering altar of Xom.
  2089 | D:3      | Reached skill level 6 in Ice Magic
  2089 | D:3      | Reached XP level 5. HP: 28/38 MP: 2/8
  2095 | D:3      | Learned a level 4 spell: Summon Ice Beast
  2102 | D:3      | Noticed Grinder
  2107 | D:3      | Paralysed by Grinder for 5 turns
  2117 | D:3      | Paralysed by Grinder for 2 turns
  2126 | D:3      | Slain by Grinder

Illustrated notes

Levels and vault maps discovered:
D:1:      minmay_arrival_doors, layout_basic, minmay_misc_feat_pillars,
          minmay_fountain_box
D:2:      minmay_general_purpose_star, layout_basic, bloody_trog
D:3:      layout_loops_corners, grunt_temple_overflow_lords_of_destruction,
          old_standard_altar, lemuel_round_altar, lemuel_crystal_altar,
          lemuel_zombie_altar_yredelemnul, uniq_grinder,
          uniq_crazy_yiuf_cottage, uniq_terence, uniq_robin

Skill      XL: |  1  2  3  4 |
---------------+-------------+-----
Ice Magic      | 5 6 |  6.1
Stealth        | 2 |  2.0
Fighting       | 1 2 |  2.2
Dodging        | 3 4 |  4.0
Spellcasting   | |  2.1

Action                   |  1- 3 |  4- 6 || total
-------------------------+-------+-------++-------
Melee: Dagger            |    14 |     6 ||    20
 Cast: Freeze            |    59 |    31 ||    90
       Frozen Ramparts   |       |     2 ||     2
  Use: Potion            |       |     2 ||     2
       Scroll            |       |     1 ||     1
  Eat: Chunk             |     3 |     3 ||     6
Armor: Robe              |    13 |     4 ||    17
Dodge: Dodged            |    45 |    18 ||    63
       Repelled          |     2 |       ||     2
